Map: Ascension to Aiur LE

Players

Lambo - Winner!

  • Race: Zerg Zerg
  • Spawn Location: 11:00

Minato

  • Race: Zerg Zerg
  • Spawn Location: 5:00

Event: WCS Valencia 2017

VOD

Have the link to the VOD?

Description

Time

  • Played on: July 13, 2017, 10:08 a.m.
  • Length: 17:48

All games in this series

Show
View Real Time Build Order
Export as new Build Order

Lambo Zerg - Winner!

Build Orders: Pool First 

Get SALT Encoding   

  12  0:00  Drone  
  13  0:12  Overlord  
  13  0:17  Drone  
  14  0:30  Drone x2  
  14  0:35  Drone  
  17  0:42  Extractor  
  16  0:45  Drone  
  17  0:50  Spawning Pool  
  17  0:55  Drone  
  17  1:07  Drone  
  18  1:20  Hatchery  
  18  1:24  Drone  
  18  1:28  Drone  
  19  1:37  Queen  
  21  1:44  Metabolic Boost  
  21  1:51  Overlord  
  21  1:58  Zergling x2  
  22  2:03  Baneling Nest  
  22  2:04  Zergling x2  
  22  2:15  Queen  
  24  2:18  Drone  
  25  2:28  Zergling x2  
  26  2:37  Zergling x4  
  26  2:38  Spine Crawler  
  25  2:47  Baneling  
  25  2:48  Baneling, Zergling x2  
  25  2:49  Zergling x4  
  27  2:54  Zergling x4  
  24  3:05  Zergling x2  
  22  3:20  Drone  
  22  3:22  Baneling x2  
  22  3:25  Drone x2  
  24  3:32  Drone  
  25  3:39  Queen  
  27  3:43  Drone  
  28  3:53  Drone x2  
  29  3:58  Queen  
  31  4:04  Overlord  
  31  4:08  Drone  
  32  4:10  Drone  
  32  4:14  Drone  
  34  4:19  Drone x2  
  34  4:22  Drone  
  37  4:27  Overlord  
  37  4:31  Drone  
  37  4:36  Overlord  
  38  4:41  Drone  
  39  4:49  Drone  
  39  4:52  Drone  
  41  4:55  Hatchery  
  39  5:04  Roach Warren  
  39  5:06  Drone x4  
  42  5:09  Drone  
  42  5:12  Drone  
  44  5:17  Drone x2  
  46  5:21  Evolution Chamber  
  46  5:23  Zergling x2  
  46  5:24  Zergling x2  
  47  5:31  Extractor, Drone x3  
  49  5:40  Zergling x6  
  51  5:44  Overlord  
  51  5:46  Zergling x6  
  53  5:53  Zerg Missile Weapons Level 1  
  53  5:55  Extractor  
  53  5:59  Lair  
  53  6:02  Drone x2  
  52  6:06  Queen  
  53  6:11  Drone x3  
  53  6:16  Roach  
  58  6:20  Roach x2  
  58  6:24  Roach x2  
  58  6:25  Roach  
  68  6:27  Baneling x2  
  68  6:29  Spine Crawler  
  68  6:31  Roach  
  68  6:33  Baneling  
  68  6:37  Zergling x4, Roach  
  68  6:39  Baneling  
  72  6:48  Overlord  
  72  6:52  Roach x3  
  71  7:02  Roach  
  61  7:09  Zergling x6, Roach x2  
  61  7:12  Zergling x6  
  61  7:13  Zergling x2  
  68  7:17  Zergling x4  
  68  7:22  Zergling x2  
  69  7:24  Zergling x4  
  69  7:25  Glial Reconstitution  
  69  7:26  Queen  
  73  7:30  Baneling x2  
  73  7:33  Drone x3  
  76  7:38  Baneling  
  76  7:39  Baneling  
  76  7:40  Drone x3  
  79  7:45  Overseer  
  79  7:50  Zergling x2, Roach x2  
  74  7:55  Roach x2  
  74  7:57  Zergling x4  
  74  7:58  Zergling x4  
  77  8:04  Roach x2  
  81  8:12  Baneling x2  
  81  8:15  Overlord  
  81  8:19  Zerg Missile Weapons Level 2, Overlord  
  80  8:20  Extractor  
  80  8:21  Overlord  
  80  8:22  Drone x3  
  82  8:28  Overlord  
  82  8:32  Overlord  
  82  8:33  Burrow  
  82  8:36  Roach x2  
  82  8:39  Drone x2  
  82  8:40  Drone  
  89  8:41  Drone  
  89  8:42  Drone  
  89  8:45  Roach  
  89  8:46  Baneling  
  95  8:48  Roach  
  95  8:51  Roach x2  
  99  8:59  Roach x4  
  107  9:05  Overlord  
  107  9:06  Roach x2  
  111  9:12  Roach x3  
  116  9:19  Roach x3  
  116  9:23  Overlord  
  122  9:24  Baneling  
  122  9:31  Roach  
  122  9:32  Roach x3  
  122  9:37  Overlord  
  130  9:45  Roach x4  
  138  9:50  Overlord  
  138  9:54  Overlord  
  138  9:58  Roach x2  
  142  10:02  Ravager  
  142  10:03  Hatchery  
  142  10:04  Drone  
  142  10:06  Roach  
  145  10:09  Roach x4  
  153  10:15  Roach x3  
  153  10:20  Roach  
  160  10:22  Overlord  
  160  10:23  Overlord  
  160  10:28  Overlord  
  160  10:31  Overlord  
  160  10:36  Zerg Ground Armor Level 1  
  160  10:37  Roach  
  160  10:38  Roach  
  160  10:39  Roach x2  
  160  10:41  Roach x4  
  168  10:45  Roach x3  
  169  10:51  Roach x3  
  154  10:59  Roach x4  
  154  11:02  Roach  
  154  11:03  Roach  
  142  11:10  Roach x4  
  144  11:14  Roach x2  
  144  11:17  Roach  
  134  11:22  Queen  
  134  11:23  Roach x2  
  136  11:26  Roach  
  136  11:31  Roach  
  136  11:32  Roach x2  
  144  11:35  Roach x2  
  144  11:41  Roach x2  
  144  11:46  Roach x3  
  154  11:52  Roach x2  
  158  11:57  Roach x2  
  158  12:01  Roach x2  
  166  12:03  Overlord  
  166  12:05  Roach x2  
  166  12:08  Roach  
  172  12:11  Roach  
  172  12:14  Roach x2  
  178  12:18  Roach  
  178  12:19  Roach  
  182  12:24  Extractor  
  182  12:26  Roach x3  
  182  12:29  Roach  
  189  12:31  Drone x3  
  189  12:34  Overlord  
  189  12:35  Roach  
  194  12:39  Overseer  
  194  12:41  Roach x2  
  198  12:57  Roach  
  190  13:08  Roach x8  
  194  13:17  Roach  
  194  13:18  Roach x2  
  198  13:24  Roach  
  198  13:25  Roach x4  
  162  13:34  Roach x3  
  162  13:35  Roach x6  
  162  13:37  Roach  
  178  13:44  Roach x3  
  168  13:53  Drone x6  
  168  13:54  Hydralisk Den  
  158  13:57  Roach  
  158  13:58  Roach  
  152  14:05  Roach x2  
  152  14:06  Roach x3  
  152  14:07  Tunneling Claws  
  156  14:14  Extractor, Roach x2  
  159  14:21  Roach x2  
  163  14:28  Roach x3  
  169  14:34  Muscular Augments  
  169  14:35  Hydralisk  
  171  14:39  Spore Crawler  
  171  14:40  Spore Crawler  
  171  14:44  Spore Crawler  
  171  14:45  Hydralisk  
  168  14:47  Drone  
  168  14:48  Drone  
  168  14:49  Unknown x2  
  168  14:50  Unknown x5  
  168  14:52  Spore Crawler, Pneumatized Carapace  
  170  14:55  Overlord  
  170  14:57  Hydralisk  
  169  15:04  Hydralisk x3  
  175  15:11  Hydralisk x2  
  179  15:18  Hydralisk x3  
  181  15:23  Hydralisk  
  183  15:32  Hydralisk  
  185  15:38  Overlord x2  
  185  15:40  Hatchery  
  184  15:48  Overlord x2  
  184  15:58  Roach  
  184  15:59  Roach x6  
  184  16:01  Ravager  
  184  16:04  Roach x4  
  198  16:20  Extractor  
  197  16:38  Roach x2  
  182  16:49  Roach x5  
  182  16:50  Roach x11  
  182  16:54  Roach x2  
  146  17:02  Roach x3  
  146  17:06  Roach x3  
  146  17:08  Roach x3  
  134  17:12  Roach x2  
  136  17:20  Roach x3  
  138  17:28  Roach x4  
Show
View Real Time Build Order
Export as new Build Order

Minato Zerg 

Build Orders: Pool First, Zergling Baneling 

Get SALT Encoding   

  12  0:01  Drone  
  13  0:10  Extractor  
  12  0:24  Spawning Pool  
  12  0:28  Drone  
  12  0:33  Drone  
  13  0:39  Drone  
  14  0:51  Overlord  
  14  1:11  Zergling x4, Metabolic Boost  
  16  1:15  Zergling x2  
  17  1:25  Zergling x2  
  18  1:31  Baneling Nest  
  17  1:39  Zergling x2  
  18  1:49  Queen  
  20  1:55  Zergling x2  
  20  2:00  Zergling x2  
  22  2:08  Extractor, Zergling x2  
  21  2:15  Baneling x3  
  23  2:16  Baneling  
  23  2:20  Baneling  
  23  2:33  Overlord  
  21  2:56  Zergling x6  
  22  3:04  Drone x3  
  24  3:15  Baneling x2  
  24  3:29  Hatchery  
  23  3:35  Baneling x3  
  23  3:38  Drone  
  23  3:41  Drone  
  25  3:45  Drone  
  26  3:53  Drone  
  27  3:56  Drone  
  27  4:01  Overlord  
  28  4:07  Evolution Chamber  
  27  4:15  Evolution Chamber, Drone  
  27  4:19  Drone  
  27  4:23  Drone  
  29  4:26  Drone  
  29  4:31  Drone  
  31  4:33  Zerg Melee Weapons Level 1  
  32  4:43  Queen  
  34  4:50  Drone  
  34  4:52  Drone x2  
  37  4:55  Drone  
  37  4:58  Drone  
  39  5:00  Drone  
  40  5:08  Drone x2  
  41  5:19  Zergling x4  
  41  5:21  Overlord x2  
  43  5:36  Hatchery  
  43  5:41  Zergling x8  
  44  5:53  Zergling x10  
  44  5:54  Zergling x2  
  44  5:56  Zergling x2  
  50  6:01  Baneling x2  
  50  6:07  Zergling x4  
  52  6:13  Zergling x2  
  53  6:18  Overlord  
  53  6:25  Overlord x2  
  53  6:27  Zergling x10  
  53  6:30  Baneling  
  57  6:36  Baneling x3  
  57  6:37  Baneling x9  
  58  6:40  Zergling x2  
  58  6:42  Zergling x4  
  59  6:47  Zergling x2  
  59  6:52  Zergling x4  
  50  7:12  Zergling x2  
  50  7:13  Zergling x12  
  50  7:15  Queen  
  52  7:17  Zergling x2  
  52  7:21  Zergling x2  
  55  7:26  Zergling x4  
  55  7:27  Baneling x3  
  55  7:28  Baneling x3  
  55  7:29  Baneling  
  56  7:35  Zergling x2  
  56  7:36  Zergling x4  
  59  7:42  Drone  
  60  7:44  Roach Warren  
  57  7:56  Drone  
  57  7:57  Drone x8  
  60  8:00  Extractor  
  60  8:01  Extractor  
  60  8:02  Drone  
  59  8:06  Lair  
  59  8:11  Drone x2  
  59  8:15  Drone x2  
  59  8:17  Drone  
  61  8:20  Drone  
  61  8:25  Drone x2  
  65  8:27  Drone  
  65  8:28  Drone  
  65  8:29  Extractor  
  65  8:32  Zerg Missile Weapons Level 1  
  65  8:39  Roach x2  
  65  8:40  Roach  
  71  8:45  Roach  
  71  8:46  Roach  
  75  8:55  Drone  
  75  8:56  Drone x4  
  75  8:57  Roach x2  
  75  8:59  Roach  
  75  9:01  Roach  
  88  9:11  Overlord x2  
  88  9:19  Overlord x2  
  88  9:20  Overlord  
  88  9:27  Glial Reconstitution  
  88  9:31  Roach x2  
  90  9:34  Roach x5  
  90  9:36  Roach  
  90  9:38  Roach  
  106  9:39  Roach  
  106  9:42  Roach  
  106  9:44  Roach  
  112  9:47  Roach x2  
  112  9:51  Roach x2  
  120  9:54  Roach x2  
  120  9:57  Roach  
  126  10:01  Roach x2  
  126  10:05  Overlord x2  
  130  10:08  Overlord  
  130  10:24  Overseer, Ravager  
  130  10:25  Roach x7  
  130  10:27  Zergling x2, Roach  
  130  10:28  Zergling x2  
  149  10:34  Roach x2  
  153  10:38  Zergling x2  
  153  10:40  Overlord x2  
  153  10:41  Roach  
  153  10:42  Roach  
  146  10:53  Roach x3  
  146  10:54  Roach  
  146  10:56  Roach x3  
  130  10:58  Roach  
  130  11:02  Roach x2  
  118  11:06  Roach x2  
  118  11:07  Roach  
  123  11:16  Roach x5  
  119  11:19  Roach  
  119  11:22  Roach  
  123  11:26  Roach x2  
  123  11:27  Roach  
  129  11:34  Roach x3  
  129  11:38  Roach  
  129  11:39  Zergling x4, Roach  
  141  11:51  Extractor  
  141  11:52  Drone x3  
  141  11:53  Queen  
  145  11:54  Drone  
  145  11:55  Extractor, Drone x2  
  145  11:59  Overseer  
  151  12:01  Roach x4  
  151  12:02  Roach  
  151  12:06  Roach  
  151  12:08  Ravager  
  160  12:12  Roach x2  
  164  12:20  Zerg Missile Weapons Level 2  
  164  12:22  Roach  
  166  12:26  Roach x2  
  166  12:29  Overlord x3  
  170  12:31  Overlord  
  170  12:39  Pneumatized Carapace  
  170  12:46  Spire  
  170  12:49  Roach x4  
  177  12:55  Roach x3  
  181  12:59  Roach x3  
  183  13:06  Roach x2  
  183  13:09  Roach x2  
  186  13:15  Roach x3  
  183  13:24  Roach x4  
  183  13:25  Roach  
  169  13:28  Roach x2  
  169  13:31  Roach  
  149  13:35  Roach x2  
  149  13:37  Roach  
  136  13:57  Roach x5  
  136  13:58  Roach x2  
  149  14:06  Queen  
  151  14:10  Mutalisk  
  151  14:12  Mutalisk  
  155  14:23  Mutalisk  
  156  14:32  Mutalisk  
  156  14:37  Hatchery  
  156  14:38  Drone x2  
  154  14:39  Drone  
  154  14:45  Queen  
  157  14:55  Roach x2  
  157  14:56  Roach x2  
  165  15:01  Roach  
  165  15:03  Ravager x2  
  169  15:08  Drone  
  170  15:21  Ravager  
  171  15:23  Centrifical Hooks  
  171  15:32  Drone x8  
  171  15:33  Drone x2  
  181  15:39  Ravager x3  
  181  15:42  Roach x2  
  188  15:44  Unknown x2, Overlord  
  188  15:45  Unknown  
  188  15:50  Overlord  
  188  15:53  Zergling x2  
  189  15:57  Zergling x2  
  189  15:58  Zergling x4  
  189  16:04  Overlord  
  192  16:05  Zergling x6  
  192  16:09  Zergling x4  
  197  16:18  Baneling x6  
  197  16:19  Zergling x2  
  197  16:21  Zergling x2  
  197  16:22  Zergling x2  
  200  16:31  Baneling x5  
  200  16:32  Baneling x5  
  194  16:33  Zergling x4  
  194  16:34  Zergling x2  
  194  16:36  Unknown  
  179  16:52  Zergling x6, Roach x2  
  108  17:03  Roach  
  108  17:07  Roach  
  101  17:12  Zergling x2  
  102  17:17  Roach x2  
  106  17:26  Roach x2  
  106  17:27  Ravager  
  106  17:28  Ravager  
Tags
 
Add a new tag
Caveats
  • Supply blocks, unpowered buildings, or Contaminate may cause inaccurate times.
  • Supply counts are checked every 10 seconds.